Arrhythmia, chaotic female vampiric Convict ----- # +...|# ## |....#%## | -- ------- -----|-+-----...|# ------------ |...........@.....@...@@.%......|# |..........| | ----------.... --|---|---...|# |..........| | .. |.. |...|#######.....<.....| |. |%%!|...| ------------ |. |%%%|...| | |%%%|...| ----|...| ...| |...| |...| -...| ...| ----- Arrhythmia the Jail-bird Experience level: 8 Strength: 17 Dexterity: 13 Constitution: 17 Intelligence: 13 Wisdom: 10 Charisma: 9 Health: 0(76) Energy: 66(66) AC: -2 Gold: 521 Moves: 4070 Your Inventory: Coins $ - 521 gold pieces Weapons m - 4 [uncursed +0] daggers o - an uncursed [-1] broad pick [dwarvish mattock] (weapon in hands) A - 5 [blessed +1] darts of stealth (in quiver) Armor b - a cursed +0 striped shirt d - an [uncursed] +0 apron [alchemy smock] (being worn) p - an [uncursed] +0 dwarvish mithril-coat (being worn) t - a [blessed] +1 pair of hard shoes [iron] (being worn) x - an [uncursed] +0 hard hat [dwarvish iron helm] (being worn) Scrolls h - an [uncursed] scroll of teleportation k - an [uncursed] scroll labeled JUYED AWK YACC [of stinking cloud] P - a [blessed] scroll labeled ANDOVA BEGARIN [of identify] Spellbooks O - an [uncursed] spellbook of healing Potions Q - a [cursed] puce potion [of sleeping] Tools n - 2 [uncursed] partly used [wax] candles C - an [uncursed] magic marker [0:57] F - an [uncursed] stethoscope H - an [uncursed] towel M - an [uncursed] bag of tricks [0:13] R - an [uncursed] looking glass [mirror] S - an [uncursed wax] candle Gems g - 3 [uncursed] red gems [worthless glass] v - 2 [uncursed] green gems [turquoise] E - an [uncursed] black gem [worthless glass] I - an [uncursed] orange gem [agate] J - an [uncursed] violet gem [worthless glass] K - an [uncursed] yellowish brown gem [topaz] N - an [uncursed] blue gem [worthless glass] Spells known in the end: Name Level Category Fail Memory a - healing 1 healing 100% [||||||||] Your skills at the end: Fighting Skills Weapon Skills sling [Basic / Skilled] Spellcasting Skills Final Attributes: You were piously aligned. Hunger level was 144. Your alignment was 30 / 30. Monster difficulty range was 1 - 7. Level difficulty was 7. You were immune to poison. You were immune to level-drain. You were immune to sickness. You were immune to acid. You could fly. You could survive without air. You regenerated. Your luck was zero. You are dead. Vanquished creatures: a crocodile an iron piercer a horse a dog a dingo a dust vortex 6 water moccasins a fire ant 2 water nymphs 2 Mordor orcs a shrieker 6 gnome lords 3 gnomish wizards a black naga hatchling 2 gray oozes a baby crocodile 7 dwarves an orc zombie 2 iguanas 2 killer bees 2 gas spores 3 hobbits 2 giant rats a brown mold 34 gnomes a gecko 12 jackals 2 foxes 2 kobolds a goblin 3 sewer rats 4 bats 8 lichens a kobold zombie 7 newts 126 creatures vanquished. Voluntary challenges: You went without food. You used a wielded weapon 46 times. You read items or engraved 238 times. You put on armor 13 times. You never genocided any monsters. You never polymorphed an object. You never changed form. You used no wishes. You wrote Elbereth's name 111 times. You never encountered a bones level. You never used any Sokoban shortcuts. Dungeon overview: The Dungeons of Doom: levels 1 to 3 Level 1 a sink a long staircase Level 3 stairs to The Gnomish Mines The Gnomish Mines: levels 4 to 7 Level 4 stairs to The Dungeons of Doom Level 7 <- You were here a delicatessen History has recorded: On T:1 you entered the Dungeons of Doom to retrieve the Amulet of Yendor! On T:154 you advanced to experience level 2. On T:695 you advanced to experience level 3. On T:957 you reached level 2 of The Dungeons of Doom. On T:1036 you advanced to experience level 4. On T:1104 you advanced to experience level 5. On T:1399 you reached level 3 of The Dungeons of Doom. On T:1669 you reached level 1 of The Gnomish Mines. On T:1687 you advanced to experience level 6. On T:2097 you advanced to experience level 7. On T:2327 you reached level 2 of The Gnomish Mines. On T:3125 you lost a bag of holding in a magical explosion. On T:3257 you advanced to experience level 8. On T:3953 you reached level 4 of The Gnomish Mines. Latest messages: You see a door open. [HP+1=72] You miss the watch captain. (2x) The watch captain wields a silver saber! The watch captain swings her silver saber. The silver sears your flesh! The watch captain hits! [HP-19=53] You miss the watch captain. (2x) [HP+1=54] You miss the watch captain. (2x) The watch captain swings her silver saber. The watch captain misses. The watch captain swings her silver saber. The silver sears your flesh! The watch captain hits! [HP-19=35] You miss the watch captain. (2x) The watch captain swings her silver saber. The silver sears your flesh! The watch captain hits! The watch captain swings her silver saber. The silver sears your flesh! The watch captain hits! You die... Final status: Goodbye Arrhythmia the Convict... You died in The Gnomish Mines on dungeon level 7 with 4629 points, and 521 pieces of gold, after 4070 moves. You were level 8 with a maximum of 76 hit points when you died.